 Dungeon Crawl Stone Soup version 0.29-a0-330-g52719c12eb (webtiles) character file.

Game seed: 8056871188047156754

1366 Gwenloh the Covered (level 8, -2/64 HPs)
             Began as a Human Fighter on May 10, 2022.
             Was a Follower of the Shining One.
             Killed from afar by an electric eel (9 damage)
             ... with a bolt of electricity
             ... on level 6 of the Dungeon.
             The game lasted 00:12:48 (6623 turns).

Gwenloh the Covered (Human Fighter)                 Turns: 6623, Time: 00:12:48

Health: -2/64      AC:  8    Str: 18    XL:     8   Next: 97%
Magic:  8/8        EV:  9    Int:  8    God:    the Shining One [*.....]
Gold:   298        SH: 11    Dex: 14    Spells: 7/7 levels left

rFire   . . .      SeeInvis .   a - +1 trident
rCold   . . .      Faith    .   c - +1 buckler
rNeg    . . .      Spirit   .   b - +0 scale mail
rPois   .          Reflect  +   t - +0 helmet
rElec   .          Harm     .   (no cloak)
rCorr   .          Rampage  .   (no gloves)
Will    .....                   (no boots)
Stlth   ..........              m - amulet of reflection
HPRegen 0.20/turn               l - ring of flight
MPRegen 0.11/turn               (no ring)

@: flying, glowing
A: no striking features
a: Renounce Religion, Divine Shield


You were on level 6 of the Dungeon.
You worshipped the Shining One.
The Shining One was aware of your devotion.
You visited 2 branches of the dungeon, and saw 7 of its levels.

You collected 298 gold pieces.

Inventory:

Hand Weapons
 a - a +1 trident (weapon)
Missiles
 e - 155 stones (quivered)
 g - 19 poisoned darts
 i - a throwing net
 j - 6 javelins
Armour
 b - a +0 scale mail (worn)
 c - a +1 buckler (worn)
 t - a +0 helmet (worn)
 u - a +0 chain mail
Jewellery
 k - a ring of fire
 l - a ring of flight (left hand)
 m - an amulet of reflection (around neck)
Scrolls
 n - 2 scrolls of enchant armour
 p - a scroll of silence
 q - a scroll of amnesia
 r - a scroll of magic mapping
 v - a scroll of vulnerability {unknown}
 w - a scroll of fog {unknown}
 z - a scroll of brand weapon {unknown}
Potions
 d - a potion of invisibility {unknown}
 f - 3 potions of curing
 h - 2 potions of mutation {unknown}
 o - 4 potions of haste
 x - a potion of resistance {unknown}


   Skills:
 + Level 5.9 Fighting
 + Level 5.5 Polearms
 + Level 5.9 Armour
 + Level 5.9 Shields


You had 7 spell levels left.
You didn't know any spells.
Your spell library contained the following spells:

 Spells                   Type           Power      Damage    Failure   Level
 Conjure Flame            Conj/Fire      0%         6-21      99%         3
 Dazzling Flash           Conj/Hex       0%         N/A       99%         3
 Ignite Poison            Fire/Tmut/Pois 0%         N/A       99%         3
 Sticky Flame             Conj/Fire      0%         2d3       100%        4
 Agony                    Necr           0%         N/A       100%        5
 Silence                  Hex/Air        0%         N/A       100%        5


Dungeon Overview and Level Annotations

Branches:
Dungeon (6/15)             Temple (1/1) D:4

Altars:
Ashenzari
Dithmenos
Fedhas
Gozag
Nemelex Xobeh
Okawaru
Qazlal
Ru
Sif Muna
Trog
Vehumet
Wu Jian
Xom
Yredelemnul
The Shining One

Annotations:
D:4 2 transporters, QuickerDeath's ghost, amateur VSMo


Message History

The bolt of electricity hits you.
The electric eel shoots out a bolt of lightning at you!
The bolt of electricity hits you!
The bolt of electricity hits the plant!
The plant begins to die.
The bolt of electricity hits the plant!
You hit the electric eel.
The electric eel is lightly wounded.
You puncture the electric eel!
The electric eel is severely wounded.
A nearby plant withers and dies.
The electric eel shoots out a bolt of lightning at you!
The bolt of electricity hits you! x2
* * * LOW HITPOINT WARNING * * *
The bolt of electricity hits the electric eel.
The electric eel completely resists.
The bolt of electricity hits the plant!
The plant begins to die.
You feel better.
You hit the electric eel.
The electric eel is almost dead.
The electric eel shoots out a bolt of lightning at you!
The bolt of electricity hits you!
* * * LOW HITPOINT WARNING * * *
The bolt of electricity hits you.
* * * LOW HITPOINT WARNING * * *
The bolt of electricity hits the electric eel.
The electric eel completely resists.
The bolt of electricity hits the plant!
You hit the electric eel.
The electric eel is almost dead.
The electric eel shoots out a bolt of lightning at you!
The bolt of electricity hits you! The Shining One protects you from harm!
The bolt of electricity hits you! The Shining One protects you from harm!
The bolt of electricity hits the electric eel.
The electric eel completely resists.
The bolt of electricity hits the plant!
You hit the electric eel but do no damage.
The electric eel is almost dead.
A nearby plant withers and dies.
The electric eel shoots out a bolt of lightning at you!
The bolt of electricity hits you!
You die...

*#.#.#,#.........##.# *,,,,,,,,,
*#..#*#.###.†.......####,********
*#.#* ##.....PP≈.≈P.....,*
*##,**#.####.P#≈.≈#.####**
,,,,,*,,,......≈.≈..#
*****,***####.P≈.≈..# ******* *,*
#.#≈.≈#P# *,,,,,, *,*
#..≈.≈PP####***,***** *,*
#P.≈@≈.)....,,,,* *,*
#P#≈.S#P####***** *,* #PP≈.≈..#
*,* *#..≈.≈..# *,*****#..#≈.≈#.#
***** *,,,,,...##≈.≈### *,,,,
*****####*≈≈.≈≈**********,,*,
*≈≈...≈≈*,,,,,,**,,,,
*≈⌠,_,⌠≈******,,,,,,,


You could see an electric eel.

Vanquished Creatures
  Grinder (D:3)
  A sky beast (D:6)
  A black bear (D:5)
  3 necrophages (D:5)
  2 scorpions
  3 orc priests (D:5)
  2 gnoll shamans (D:4)
  A hound (D:5)
  4 iguanas
  Jessica (D:2)
  2 orc wizards (D:5)
  Natasha (twice) (D:2)
  Robin (D:2)
  9 gnolls
  8 adders
  An adder zombie (D:2)
  4 worms
  2 dart slugs
  18 orcs
  7 bats
  6 endoplasms
  7 hobgoblins
  10 jackals
  3 kobolds
  6 quokkas
  8 ball pythons
  A ball python zombie (D:2)
  3 frilled lizards
  17 goblins
  6 rats
140 creatures vanquished.

Vanquished Creatures (others)
  2 plants (D:6)
2 creatures vanquished.

Grand Total: 142 creatures vanquished

Notes
Turn   | Place    | Note
-------+----------+-------------------------------------------
     0 | D:1      | Gwenloh the Human Fighter began the quest for the Orb.
     0 | D:1      | Reached XP level 1. HP: 18/18 MP: 1/1
   105 | D:1      | Reached XP level 2. HP: 23/24 MP: 2/2
   561 | D:1      | Found a faded altar of an unknown god.
   603 | D:1      | Reached XP level 3. HP: 29/29 MP: 3/3
  1416 | D:2      | Found a sparkling altar of Nemelex Xobeh.
  1777 | D:2      | Reached XP level 4. HP: 35/35 MP: 4/4
  1783 | D:2      | Noticed Jessica
  1788 | D:2      | Killed Jessica
  2037 | D:2      | Noticed Natasha
  2041 | D:2      | Killed Natasha
  2042 | D:2      | Reached XP level 5. HP: 30/42 MP: 5/5
  2347 | D:2      | Noticed Natasha
  2363 | D:2      | Killed Natasha
  2457 | D:3      | Noticed Robin
  2619 | D:3      | Noticed Grinder
  2621 | D:3      | Paralysed by Grinder for 3 turns
  2626 | D:3      | Paralysed by Grinder for 5 turns
  2835 | D:3      | Reached XP level 6. HP: 48/48 MP: 6/6
  2901 | D:2      | Killed Robin
  2915 | D:3      | Killed Grinder
  2916 | D:3      | Reached XP level 7. HP: 47/55 MP: 7/7
  3437 | D:4      | Found a staircase to the Ecumenical Temple.
  3451 | Temple   | Entered the Ecumenical Temple
  3794 | Temple   | Became a worshipper of the Shining One
  4280 | D:4      | Noticed QuickerDeath's ghost (amateur VSMo)
  4292 | D:4      | Found a transporter.
  4314 | D:4      | Found a transporter.
  4866 | D:4      | Reached skill level 5 in Fighting
  5082 | D:5      | Entered Level 5 of the Dungeon
  5190 | D:5      | Reached skill level 5 in Armour
  5190 | D:5      | Reached skill level 5 in Shields
  5190 | D:5      | Reached XP level 8. HP: 62/62 MP: 8/8
  5781 | D:5      | Found a bloodstained altar of Trog.
  5821 | D:5      | Reached skill level 5 in Polearms
  6235 | D:5      | Reached * piety under the Shining One
  6622 | D:6      | The Shining One protects you from harm!
  6622 | D:6      | The Shining One protects you from harm!
  6623 | D:6      | Killed from afar by an electric eel

Illustrated notes

Levels and vault maps discovered:
D:1:      nzn_arrival_crosshair, layout_basic,
          ebering_ecumenical_altar_abandoned, columned_hall_lemuel
D:2:      minmay_chambers_of_twos, layout_rooms, basic_altar, serial_undead,
          serial_undead_b, serial_undead_e, serial_undead_a, serial_undead_a,
          minmay_misc_feat_x, uniq_natasha, uniq_jessica
D:3:      layout_basic, uniq_grinder, uniq_robin
D:4:      layout_loops_cross, temple_statues, gammafunk_ghost_arena
D:5:      layout_basic, lightli_temple_of_fire, minmay_misc_feat_ornament,
          minmay_misc_feat_cross
D:6:      layout_loops_ring, nicolae_elyvilon_temple_path,
          nicolae_ossuary_entry_ruins
Temple:   dpeg_chambers_temple

Skill      XL: |  1  2  3  4  5  6  7  8 |
---------------+-------------------------+-----
Polearms       | 3 4 5 |  5.5
Fighting       | 4 5 |  5.9
Armour         | 4 5 |  5.9
Shields        | 4 5 |  5.9

Action                   |  1- 3 |  4- 6 |  7- 9 || total
-------------------------+-------+-------+-------++-------
Melee: Trident           |   136 |   122 |   311 ||   569
Throw: Stone             |    54 |    51 |    88 ||   193
  Use: Potion            |       |     1 |     3 ||     4
       Scroll            |       |       |     8 ||     8
Armor: Scale mail        |    93 |    24 |    79 ||   196
Dodge: Dodged            |    58 |    26 |    64 ||   148
Block: Buckler           |    36 |    45 |   140 ||   221
       Reflection        |       |       |     2 ||     2

Table legend: (Time is in decaauts)
 A = Elapsed time spent in this place.
 B = Non-inter-level travel time spent in this place.
 C = Inter-level travel time spent in this place.
 D = Time resting spent in this place.
 E = Time spent auto-exploring this place.
 F = Levels seen in this place.
 G = Mean time per level.
                   A        B        C        D        E       F      G
               +--------+--------+--------+--------+--------+-----+--------+
         Total |   6744 |   6556 |    188 |    164 |   4912 |   7 |  963.4 |
       Dungeon |   6392 |   6211 |    181 |    162 |   4680 |   6 | 1065.3 |
        Temple |    351 |    344 |      7 |      2 |    232 |   1 |  351.0 |
               +--------+--------+--------+--------+--------+-----+--------+

Top non-repeatable levels by time:
     D:1: 1579 daAuts
     D:5: 1509 daAuts
     D:4: 1227 daAuts
     D:2: 1196 daAuts
     D:3: 831 daAuts
  Temple: 351 daAuts
     D:6: 49 daAuts
